 Dungeon Crawl Stone Soup version 0.29.1-13-g9f3cf754e1 (webtiles) character file.

Game seed: 11611765188158259199

400 Oxelix the Cudgeller (level 6, -2/40 HPs)
             Began as a Gargoyle Fighter on Feb 3, 2023.
             Was an Initiate of Ashenzari.
             Slain by an ogre
             ... wielding a +0 giant club
              (3 damage)
             ... on level 4 of the Dungeon.
             The game lasted 00:05:21 (3799 turns).

Oxelix the Cudgeller (Gargoyle Fighter)             Turns: 3799, Time: 00:05:22

Health: -2/40      AC: 11    Str: 28    XL:     6   Next: 84%
Magic:  6/6        EV:  8    Int:  8    God:    Ashenzari [......]
Gold:   166        SH:  7    Dex:  9    Spells: 5/5 levels left

rFire   . . .      SeeInvis .   u - +1 mace (vorpal)
rCold   . . .      Faith    .   x - +0 kite shield
rNeg    + . .      Spirit   .   b - +0 scale mail
rPois   ∞          Reflect  .   (no helmet)
rElec   +          Harm     .   (no cloak)
rCorr   .          Rampage  .   (no gloves)
Will    .....                   (no boots)
Stlth   ..........              (no amulet)
HPRegen 0.13/turn               k - +6 ring of strength
MPRegen 0.10/turn               (no ring)

@: no status effects
A: sickness immunity, AC +4, negative energy resistance 1, electricity
resistance, torment resistance 1, petrification resistance
a: Renounce Religion


You were on level 4 of the Dungeon.
You worshipped Ashenzari.
Ashenzari was noncommittal.
You visited 1 branch of the dungeon, and saw 4 of its levels.

You collected 166 gold pieces.

Inventory:

Hand Weapons
 a - a +0 flail
 u - a +1 vorpal mace (weapon)
Missiles
 s - 5 poisoned darts (quivered)
 v - 2 boomerangs
Armour
 b - a +0 scale mail (worn)
 x - a +0 kite shield (worn)
Jewellery
 k - a +6 ring of strength (left hand)
Wands
 y - a wand of flame (22)
 z - a wand of polymorph (8)
Scrolls
 f - 2 scrolls of noise {unknown}
 g - a scroll of fear {unknown}
 j - a scroll of poison {unknown}
 l - 2 scrolls of teleportation {unknown}
 m - a scroll of enchant armour {unknown}
 n - 5 scrolls of identify {unknown}
 t - a scroll of torment {unknown}
Potions
 c - a potion of flight {unknown}
 d - 2 potions of might
 e - 2 potions of curing {unknown}
 h - a potion of magic {unknown}
 i - a potion of cancellation {unknown}
 o - a potion of invisibility {unknown}
 q - 2 potions of heal wounds {unknown}
 r - 3 potions of mutation {unknown}
 w - a potion of resistance {unknown}


   Skills:
 + Level 5.3 Fighting
 * Level 5.9 Maces & Flails
 - Level 3.2 Armour
 - Level 3.2 Shields


You had 5 spell levels left.
You didn't know any spells.
Your spell library contained the following spells:

 Spells                   Type           Power      Damage    Failure   Level
 Shock                    Conj/Air       0%         1d3       96%         1
 Slow                     Hex            0%         N/A       96%         1
 Summon Small Mammal      Summ           0%         N/A       96%         1
 Ensorcelled Hibernation  Hex/Ice        0%         N/A       99%         2
 Passwall                 Tmut/Erth      0%         N/A       99%         2
 Call Canine Familiar     Summ           0%         N/A       100%        3
 Confusing Touch          Hex            0%         N/A       100%        3
 Gell's Gravitas          Tloc           0%         N/A       100%        3
 Lesser Beckoning         Tloc           0%         N/A       100%        3
 Summon Guardian Golem    Hex/Summ       0%         N/A       100%        3
 Swiftness                Air            0%         N/A       100%        3
 Teleport Other           Tloc           0%         N/A       100%        3
 Vampiric Draining        Necr           0%         2d6       100%        3
 Airstrike                Air            0%         2d(0-16)  100%        4


Dungeon Overview and Level Annotations

Branches:
Dungeon (4/15)             Temple (0/1) D:4

Altars:
Ashenzari
Kikubaaqudgha


Innate Abilities, Weirdness & Mutations

You are immune to sickness and miasma.
Your stone body is resilient. (AC +4)
You are immune to poison.
You resist negative energy. (rN+)
You are resistant to electric shocks. (rElec)
You are resistant to unholy torment.
You are immune to petrification.


Message History

You closely miss the black bear.
The black bear is heavily wounded.
You block the black bear's attack.
The black bear claws you but does no damage. x2
You hit the black bear.
The black bear is heavily wounded.
The black bear bites you but does no damage.
The black bear claws you.
The black bear claws you but does no damage.
You block the black bear's attack.
The black bear claws you but does no damage.
The black bear closely misses you.
You barely miss the black bear.
The black bear is heavily wounded.
The black bear bites you but does no damage.
The black bear claws you but does no damage.
The black bear closely misses you.
You sock the black bear!
You kill the black bear!
You see here a black bear corpse.
n - 5 scrolls labelled DOOLEP DUF ABB (gained 1)
You now have 166 gold pieces (gained 24).
Things that are here:
a +0 dagger; 3 stones You see here a black bear corpse.
An ogre comes into view. It is wielding a +0 giant club.
The ogre shouts!
The ogre hits you with a +0 giant club!!
Ouch! That really hurt!
You hit the ogre.
The ogre is lightly wounded.
The ogre closely misses you.
You sock the ogre!
The ogre is heavily wounded.
The ogre hits you with a +0 giant club!
* * * LOW HITPOINT WARNING * * *
You hit the ogre.
The ogre is severely wounded.
The ogre hits you with a +0 giant club.
You die...

........####.# ##..###
.........##..# #....#
............## ##....
............#### #....
...........#.....#.# ###..
#......###......#.## ###
#.....# ##...#....### #.....
##.O#........##
#..#.....##.@###.#......#
... .........#..##
#.##.....# ................#
##......##
....#..........######.....##
.......#.........##......##
......###...........##...#
...............#...##...##
...............#...##..##
.........##..##....#...#


You could see an ogre.

Vanquished Creatures
  A black bear (D:4)
  An ogre (D:4)
  Natasha (thrice) (D:3)
  An orc wizard (D:4)
  5 adders
  A worm (D:2)
  2 dart slugs (D:3)
  5 orcs
  4 endoplasms
  3 giant cockroaches
  7 goblins
  5 hobgoblins
  11 kobolds
  3 quokkas
  4 ball pythons
  10 bats
  4 frilled lizards
  4 rats
74 creatures vanquished.

Notes
Turn   | Place    | Note
-------+----------+-------------------------------------------
     0 | D:1      | Oxelix the Gargoyle Fighter began the quest for the Orb.
     0 | D:1      | Reached XP level 1. HP: 14/14 MP: 1/1
   298 | D:1      | Found a faded altar of an unknown god.
   319 | D:1      | Reached XP level 2. HP: 7/19 MP: 2/2
   884 | D:1      | You fall into a shaft and drop 1 floor!
  1040 | D:2      | Reached XP level 3. HP: 12/24 MP: 3/3
  1401 | D:2      | Reached XP level 4. HP: 29/29 MP: 4/4
  2260 | D:3      | Noticed Natasha
  2266 | D:3      | Killed Natasha
  2267 | D:3      | Reached XP level 5. HP: 28/34 MP: 5/5
  2546 | D:3      | Noticed Natasha
  2553 | D:3      | Killed Natasha
  2653 | D:3      | Found an ancient bone altar of Kikubaaqudgha.
  2653 | D:3      | Found a broken altar of Ashenzari.
  2661 | D:3      | Became a worshipper of Ashenzari the Shackled
  2708 | D:3      | Noticed Natasha
  2718 | D:3      | Killed Natasha
  3427 | D:4      | Noticed an ogre
  3443 | D:4      | Killed an ogre
  3444 | D:4      | Reached skill level 5 in Fighting
  3444 | D:4      | Reached skill level 5 in Maces & Flails
  3444 | D:4      | Reached XP level 6. HP: 40/40 MP: 6/6
  3659 | D:4      | Found a staircase to the Ecumenical Temple.
  3663 | D:4      | Noticed a black bear
  3677 | D:4      | Killed a black bear
  3798 | D:4      | HP: 1/40 [ogre/+0 giant club (13)]
  3799 | D:4      | Slain by an ogre

Illustrated notes

Levels and vault maps discovered:
D:1:      amcnicky_arrival_underground_garden, layout_basic,
          chequers_ecumenical_altar_island
D:2:      layout_rooms
D:3:      minmay_evil_eye, layout_basic, gammafunk_temple_overflow_statue,
          minmay_misc_feat_columns, uniq_natasha
D:4:      layout_layer_cave, minmay_temple_entry_junction

Skill      XL: |  1  2  3  4  5 |
---------------+----------------+-----
Maces & Flails | 3 4 5 |  5.9
Fighting       | 4 5 |  5.3
Armour         | |  3.2
Shields        | |  3.2

Action                   |  1- 3 |  4- 6 || total
-------------------------+-------+-------++-------
Melee: Flail             |   130 |    45 ||   175
       Mace              |       |    92 ||    92
Throw: Boomerang         |       |     3 ||     3
       Throwing net      |       |     1 ||     1
Armor: Scale mail        |    77 |    94 ||   171
Dodge: Dodged            |    72 |    67 ||   139
Block: Buckler           |    39 |    13 ||    52
       Kite shield       |       |    14 ||    14
